 Dungeon Crawl Stone Soup version 0.31-a0-564-g3b7de120b3 (webtiles) character file.

Game seed: 1078233850724221952

1005 lunkers the Martial Artist (level 8, -9/88 HPs)
             Began as a Meteoran Shapeshifter on Aug 17, 2023.
             Was a Follower of Ru.
             Killed by divine providence
             ... invoked by an orc priest
              (11 damage)
             ... on level 7 of the Dungeon.
             The game lasted 00:10:07 (2956 turns).

lunkers the Martial Artist (Meteoran Shapeshifter)  Turns: 2956, Time: 00:10:08

Health: -9/88      AC: 24    Str: 16    XL:     8   Next: 72%
Magic:  0/9        EV:  2    Int:  9    God:    Ru [*.....]
Gold:   227        SH:  0    Dex: 18    Spells: 7/7 levels left

rFire   . .          .
                       - Unarmed
rCold   . . .        (no shield)
rNeg    . . .        t - melded +2 ring mail of Tanas {rPois Str-3 SInv}
rPois   +            (helmet currently unavailable)
rElec   .            (cloak currently unavailable)
rCorr   .            (gloves currently unavailable)
SInv    .            (boots currently unavailable)
Will    +....        i - amulet of guardian spirit
Stlth   +            (no ring)
HPRegen 0.34/turn    (no ring)
MPRegen 0.11/turn

%: guardian spirit
@: tree-form, horrified, glowing
A: stationary, stasis, torment immunity, boosted hp, sense surroundings 1,
cowardly, otherworldly, glowing, explore regen
a: Renounce Religion


You were on level 7 of the Dungeon.
You worshipped Ru.
Ru was aware of your devotion.
You were a tree.
You visited 1 branch of the dungeon, and saw 7 of its levels.

You collected 227 gold pieces.

Inventory:

Hand Weapons
 p - the +4 morningstar "Diaxy" {heavy, rF+ Stlth+}
   (You found it on level 4 of the Dungeon)

   rF+:       It protects you from fire.
   Stlth+:    It makes you more stealthy.
Missiles
 v - a throwing net
Armour
 a - a +0 animal skin
 f - a +0 plate armour
 l - a +0 ring mail
 q - a +0 helmet
 r - a +0 pair of boots
 t - the +2 ring mail of Tanas (melded) {rPois Str-3 SInv}
   (You found it on level 5 of the Dungeon)

   Str-3:     It affects your strength (-3).
   rPois:     It protects you from poison SInv: It lets you see invisible.
Jewellery
 i - an amulet of guardian spirit (around neck)
Talismans
 c - a beast talisman
 d - a flux talisman
 j - a blade talisman
Wands
 g - a wand of mindburst (18)
Scrolls
 h - 2 scrolls of fear {unknown}
 k - a scroll of teleportation {unknown}
 m - 3 scrolls of enchant armour {unknown}
 n - 2 scrolls of revelation {unknown}
 s - a scroll of identify {unknown}
 w - a scroll of poison
 y - a scroll of immolation {unknown}
 B - a scroll of noise {unknown}
Potions
 e - a potion of brilliance {unknown}
 o - a potion of might {unknown}
 u - a potion of haste {unknown}
 x - a potion of heal wounds {unknown}
 z - a potion of berserk rage {unknown}
 A - a potion of curing {unknown}


   Skills:
 - Level 1.1 Fighting
 - Level 2.1 Dodging
 * Level 9.7 Unarmed Combat
 + Level 6.5 Shapeshifting


You had 7 spell levels left.
You didn't know any spells.
Your spell library contained the following spells:

 Spells                   Type           Power      Damage    Failure   Level
 Lesser Beckoning         Tloc           0%         N/A       52%         2
 Gell's Gravitas          Tloc           0%         N/A       77%         3
 Teleport Other           Tloc           0%         N/A       77%         3


Dungeon Overview and Level Annotations

Branches:
Dungeon (7/15) Zot: 1280
 Temple: D:4-7

Altars:
Elyvilon
Makhleb
Okawaru
Qazlal
Ru
Trog
Xom
Zin

Shops:
D:2 !((*


Innate Abilities, Weirdness & Mutations

You are a tree.
Your roots penetrate the ground, keeping you stationary.
You cannot be teleported.
You are immune to unholy pain and torment.
Your maximum health is greatly increased.
Your equipment is partially melded.
You passively map a small area around you.
Your cowardice makes you less effective in combat with threatening foes.
You are easily found by Zot.
You glow in the dark.
You regain HP and MP as you explore.


Message History

The orc priest is severely wounded.
The orc priest hits you but does no damage. x2
The orc wizard casts a spell at you.
The magic dart hits you but does no damage.
Unknown command.
You barely miss the orc priest.
The orc priest is severely wounded.
The orc priest hits you but does no damage. x2
The orc wizard hits you but does no damage.
Unknown command.
You hit the orc priest.
The orc priest is almost dead.
You hit the orc priest but do no damage.
The orc priest is almost dead.
The orc priest hits you but does no damage.
The orc priest hits you with a +0 flail.
* * * LOW HITPOINT WARNING * * *
The orc wizard hits you but does no damage.
You closely miss the orc priest.
The orc priest is almost dead.
The orc priest calls down the wrath of Beogh upon you.
Beogh smites you!
* * * LOW MAGIC WARNING * * *
* * * LOW HITPOINT WARNING * * *
The orc priest begins to pray, but is stunned by your conviction!
The orc wizard hits you with a +0 dagger.
* * * LOW HITPOINT WARNING * * *
Okay, then.
You pummel the orc priest!!
You kill the orc priest!
The orc priest hits you but does no damage.
The orc wizard hits you but does no damage.
You cannot move.
You cannot move.
You closely miss the orc priest.
The orc priest is heavily wounded.
The orc priest mumbles some strange prayers to Beogh against you.
Beogh smites you!
* * * LOW MAGIC WARNING * * *
You die...

, * * * ########
#.#....# #.#.[..# ,
#.#)...# ###.♣o[..#
#...#o...#
####..#######
#.....######
#.##.....#)#########
* #
*#...............#
######.########.# ,
#.# #.# * #.# #.#


You could see an orc priest and an orc wizard.

Vanquished Creatures
  A steam dragon (D:6)
  An orc warrior (D:7)
  A bullfrog (D:7)
  A scorpion (D:5)
  A gnoll sergeant (D:6)
  4 hounds
  A gnoll bouda (D:5)
  2 orc priests
  2 jellies
  2 iguanas
  2 orc wizards
  Robin (D:4)
  8 gnolls
  5 adders
  A shadow imp (D:6)
  2 ufetubi (D:5)
  2 dart slugs
  6 orcs
  5 endoplasms
  4 giant cockroaches
  11 goblins
  7 hobgoblins
  5 jackals
  3 quokkas
  5 ball pythons
  6 bats
  2 frilled lizards (D:1)
  3 kobolds
  2 rats
96 creatures vanquished.

Notes
Turn   | Place    | Note
-------+----------+-------------------------------------------
     0 | D:1      | lunkers the Meteoran Shapeshifter began the quest for the
                  | Orb.
     0 | D:1      | Reached XP level 1. HP: 16/16 MP: 2/2
    34 | D:1      | Reached XP level 2. HP: 3/23 MP: 3/3
    35 | D:1      | Reached skill level 4 in Unarmed Combat
   265 | D:1      | Reached XP level 3. HP: 22/28 MP: 4/4
   356 | D:2      | Found Ihuih's Weapon Boutique.
   438 | D:2      | Reached XP level 4. HP: 35/35 MP: 5/5
   445 | D:2      | Found Nysa's General Store.
   710 | D:2      | Found Heniut's Distillery.
   718 | D:2      | Reached skill level 5 in Unarmed Combat
   742 | D:2      | Found Heot Rahor's Weapon Shoppe.
  1231 | D:3      | Found a sacrificial altar of Ru.
  1233 | D:3      | Found a glowing silver altar of Zin.
  1235 | D:3      | Found a shimmering altar of Xom.
  1235 | D:3      | Found a burning altar of Makhleb.
  1235 | D:3      | Found a stormy altar of Qazlal.
  1235 | D:3      | Found a bloodstained altar of Trog.
  1237 | D:3      | Found a white marble altar of Elyvilon.
  1248 | D:3      | Became a worshipper of Ru the Awakened
  1403 | D:4      | Identified the +4 morningstar "Diaxy" {heavy, rF+ Stlth+}
  1422 | D:4      | Found an iron altar of Okawaru.
  1429 | D:4      | Reached XP level 5. HP: 14/40 MP: 3/6
  1507 | D:4      | Noticed Robin
  1542 | D:4      | Killed Robin
  1544 | D:4      | Reached skill level 6 in Unarmed Combat
  1565 | D:4      | Reached XP level 6. HP: 18/47 MP: 4/7
  1698 | D:5      | Entered Level 5 of the Dungeon
  1805 | D:5      | Identified the +2 ring mail of Tanas {rPois Str-3 SInv}
  1878 | D:5      | Reached skill level 5 in Shapeshifting
  1908 | D:5      | Reached skill level 7 in Unarmed Combat
  1987 | D:5      | Reached XP level 7. HP: 49/52 MP: 6/8
  2261 | D:6      | Gained mutation: Your cowardice makes you less effective in
                  | combat with threatening foes. [Ru sacrifice]
  2261 | D:6      | Reached * piety under Ru
  2386 | D:6      | HP: 2/52 [gnoll sergeant/+0 spear (6)]
  2502 | D:6      | Reached skill level 8 in Unarmed Combat
  2646 | D:6      | Noticed a steam dragon
  2682 | D:6      | Reached XP level 8. HP: 27/59 MP: 3/9
  2688 | D:6      | Killed a steam dragon
  2689 | D:6      | Reached skill level 9 in Unarmed Combat
  2954 | D:7      | HP: 3/88 [orc priest/divine providence (10)]
  2956 | D:7      | Killed from afar by an orc priest

Illustrated notes

Levels and vault maps discovered:
D:1:      dpeg_arrival_leaves_temple_mockup, layout_rooms, serial_aquarium,
          aquarium_bridge_long_joined [aquarium_subvault_wall,
          aquarium_subvault_window, aquarium_subvault_bridge,
          aquarium_subvault_bridge, aquarium_subvault_bridge,
          aquarium_subvault_bridge], aquarium_bridge_straight
          [aquarium_subvault_bridge, aquarium_subvault_wall,
          aquarium_subvault_bridge, aquarium_subvault_window],
          aquarium_window_1, aquarium_window_corner, aquarium_window_corner,
          aquarium_window_2, aquarium_view_2b, aquarium_view_2f, minmay_tripent
D:2:      layout_loops_ring, shapermc_ecumenical_altar_mp_vishouse,
          serial_shops, nicolae_shop_stone, nicolae_shop_bloodbath_and_beyond,
          nicolae_shop_peninsula, nicolae_shop_tiny_statue_garden,
          nicolae_lakefront_shop
D:3:      layout_loops_corners, grunt_temple_overflow_open, grunt_ministairs_3
D:4:      layout_basic, kennysheep_okawaru_gauntlet, uniq_robin
D:5:      layout_basic
D:6:      layout_basic, minitemple
D:7:      layout_loops_ring, mainiacjoe_overflow_small_starburst,
          minmay_temple_entry_waves, nicolae_nh_ransacked_shop

Skill      XL: |  1  2  3  4  5  6  7  8 |
---------------+-------------------------+-----
Unarmed Combat | 4 5 6 7 8 9 |  9.7
Shapeshifting  | 4 5 6 |  6.5
Fighting       | |  1.1
Dodging        | |  2.1

Action                     |  1- 3 |  4- 6 |  7- 9 || total
---------------------------+-------+-------+-------++-------
  Melee: Unarmed           |    68 |   125 |   118 ||   311
         Punch             |       |     3 |     4 ||     7
 Invoke: Sacrifice Courage |       |       |     1 ||     1
  Evoke: Wand              |       |       |     2 ||     2
    Use: Scroll            |     2 |       |     1 ||     3
         Potion            |       |       |     2 ||     2
 Armour: Animal skin       |     8 |       |       ||     8
         Plate armour      |     6 |     5 |       ||    11
         Ring mail         |       |    45 |    28 ||    73
         Skin              |       |       |    33 ||    33
  Dodge: Dodged            |    38 |    62 |    61 ||   161

Table legend: (Time is in decaauts)
 A = Elapsed time spent in this place.
 B = Non-inter-level travel time spent in this place.
 C = Inter-level travel time spent in this place.
 D = Time resting spent in this place.
 E = Time spent auto-exploring this place.
 F = Levels seen in this place.
 G = Mean time per level.
                   A        B        C        D        E       F      G
               +--------+--------+--------+--------+--------+-----+--------+
         Total |   2918 |   2864 |     54 |     37 |   1876 |   7 |  416.9 |
       Dungeon |   2918 |   2864 |     54 |     37 |   1876 |   7 |  416.9 |
               +--------+--------+--------+--------+--------+-----+--------+

Top non-repeatable levels by time:
     D:5: 562 daAuts
     D:3: 557 daAuts
     D:6: 541 daAuts
     D:2: 463 daAuts
     D:4: 334 daAuts
     D:1: 328 daAuts
     D:7: 130 daAuts
